 Dungeon Crawl Stone Soup version 0.31.0-12-g77e489cdc1 (webtiles) character file.

Game seed: 8707813728044912598

21780 Ruich the Covert (level 12, -49/63 HPs)
             Began as a Felid Summoner on Feb 12, 2024.
             Was an Elder of Kikubaaqudgha.
             Annihilated by a komodo dragon (56 damage)
             ... on level 4 of the Lair of Beasts.
             The game lasted 00:42:00 (16443 turns).

Ruich the Covert (Felid Summoner)                  Turns: 16443, Time: 00:42:01

Health: -49/63     AC:  3    Str:  8    XL:     12   Next: 57%
Magic:  15/26      EV:  4    Int: 20    God:    Kikubaaqudgha [****..]
Gold:   669        SH:  0    Dex: 17    Spells: 7/29 levels left
                                        Lives:  0   Deaths: 4

rFire   . . .        (weapon unavailable)
rCold   + . .        (shield unavailable)
rNeg    . . .        (body armour unavailable)
rPois   .            (helmet unavailable)
rElec   .            (cloak unavailable)
rCorr   +            (gloves unavailable)
SInv    +            (boots unavailable)
Will    +....        f - amulet of faith {!P}
Stlth   +++++        R - ring of resist corrosion
HPRegen 0.30/turn    (no ring)
MPRegen 0.20/turn

%: faith
@: sleeping, inugami summoned
A: very small, claws 1, fangs 3, see invisible, shaggy fur 3, stealthy paws, no
weapons or thrown items, no armour, multi-lived
a: Renounce Religion, Unearth Wretches


You were on level 4 of the Lair of Beasts.
You worshipped Kikubaaqudgha.
Kikubaaqudgha was greatly pleased with you.
You visited 3 branches of the dungeon, and saw 13 of its levels.

You collected 669 gold pieces.


Innate Abilities, Weirdness & Mutations

You have sharp claws.
You have razor-sharp teeth.
You have supernaturally acute eyesight. (SInv)
Your thick and shaggy fur keeps you warm. (AC +3, rC+)
Your paws help you pounce on unaware monsters.
You are incapable of wielding weapons or throwing items.
You cannot wear armour.
You gain extra lives every three experience levels.


   Skills:
 + Level 7.0 Fighting
 + Level 9.6 Dodging
 - Level 10.0 Stealth
 + Level 9.2 Spellcasting
 - Level 9.7 Summonings
 * Level 9.0 Necromancy
 - Level 5.0 Fire Magic
 - Level 4.7 Air Magic


You had 7 spell levels left.
You knew the following spells:

 Your Spells              Type           Power      Damage    Failure   Level
a - Animate Dead          Necr           45%        N/A       1%          4
c - Call Canine Familiar  Summ           48%        N/A       1%          3
d - Death Channel         Necr           22%        N/A       28%         6
l - Summon Lightning Spi  Summ/Air       38%        N/A       3%          4
x - Summon Blazeheart Go  Fire/Summ      38%        N/A       3%          4
z - Summon Small Mammal   Summ           100%       N/A       1%          1

Your spell library contained the following spells:

 Spells                   Type           Power      Damage    Failure   Level
 Kiss of Death            Conj/Necr      100%       2d13      1%          1
 Necrotise                Necr           100%       1d9       1%          1
 Call Imp                 Summ           96%        N/A       1%          2
 Cigotuvi's Dreadful Rot  Necr/Alch/Air  54%        N/A       1%          2
 Dispel Undead            Necr           45%        3d17      1%          4
 Martyr's Knell           Necr/Summ      46%        N/A       1%          4
 Volatile Blastmotes      Fire/Tloc      38%        2d13      9%          3
 Dazzling Flash           Conj/Hex       18%        N/A       22%         3
 Ignite Poison            Fire/Alch      19%        N/A       26%         4
 Vhi's Electric Charge    Tloc/Air       36%        N/A       28%         4
 Borgnjor's Vile Clutch   Necr/Erth      13%        N/A       32%         5
 Arcjolt                  Conj/Air       9%         1d19      61%         5
 Freezing Cloud           Conj/Ice/Air   7%         6-21      73%         5
 Plasma Beam              Fire/Air       14%        2x1d25    83%         6
 Starburst                Conj/Fire      9%         6d5       99%         6
 Maxwell's Capacitive Co  Air            14%        ∞         100%        8

Inventory:

Jewellery
 f - an amulet of faith (around neck) {!P}
 R - a ring of resist corrosion (left paw)
Wands
 h - a wand of flame (20)
 i - a wand of paralysis (16)
 n - a wand of roots (11)
 o - a wand of polymorph (14)
Scrolls
 b - a scroll of immolation
 k - 3 scrolls of amnesia
 l - a scroll of fog
 m - 2 scrolls of poison
 q - a scroll of teleportation {@r2}
 r - 2 scrolls of vulnerability
 s - a scroll of fear
 t - a scroll of identify {@r1}
Potions
 a - 3 potions of magic
 c - 2 potions of lignification
 d - 4 potions of haste {@q3}
 e - a potion of brilliance {unknown}
 g - a potion of heal wounds {@q2}
 j - 4 potions of attraction
 p - a potion of ambrosia

Dungeon Overview and Level Annotations

Branches:
Dungeon (8/15)             Temple (1/1) D:6            Lair (4/5) D:8
 Shoals (0/4) Lair:2
  Snake: Lair:2-3    Spider: Lair:2-3     Slime: Lair:4-5

Altars:
Ashenzari
Cheibriados
Dithmenos
Elyvilon
Fedhas
Gozag
Hepliaklqana
Kikubaaqudgha
Makhleb
Okawaru
Ru
Sif Muna
Trog
Uskayaw
Vehumet
Wu Jian
Xom
Zin
The Shining One

Shops:
D:4 :   D:7 :

Annotations:
D:3 2 transporters, labirda's ghost, amateur MiFi
D:8 4 transporters
Lair:3 2 exclusions

##....P.... #..##
#...#.#.... .....
##...###.... ...Y.
#..####..... #Y..
###..###.###..
###ZS# ##P..#....#
##. ##..r9Y
#.Z...#..## #..
#....Yl####.^....##
##..
#h@............#...
#Z..8..#.......#...
#.............#...P
##.........#.......
#.........##....P.
#.........##P.....
.........#.#PP..P.
.......#.#..P......
.........


You could see a komodo dragon (ally target), a black mamba, 4 dream sheep, a
friendly lightning spire (summoned), a friendly blazeheart golem (summoned,
paralysed), 2 friendly dream sheep zombies, a friendly quokka (summoned) and a
friendly inugami (summoned).


Message History

The dream sheep barely misses your quokka.
Unknown command.
Casting: Summon Blazeheart Golem (dangerous; 3% risk of failure)
Confirm with . or Enter, or press ? or * to list all spells.
An electric hum fills the air.
The black mamba bites your dream sheep zombie!
Your dream sheep zombie misses the dream sheep.
The komodo dragon completely misses you.
The black mamba barely misses your dream sheep zombie.
The dream sheep headbutts your dream sheep zombie.
Your inugami hits the komodo dragon.
Your blazeheart golem punches the komodo dragon!
Unknown command.
Your blazeheart golem's core grows cold and it stops moving.
The komodo dragon bites you!!
* * * LOW HITPOINT WARNING * * *
Your quokka barely misses the black mamba.
Your dream sheep zombie barely misses the dream sheep.
The black mamba completely misses your blazeheart golem.
Your inugami hits the komodo dragon.
The dream sheep barely misses your dream sheep zombie.
The dream sheep shake their wool and sparkle.
You feel drowsy...
You fall asleep.
The dream sheep closely misses your inugami.
The black mamba bites your blazeheart golem!
Your quokka barely misses the dream sheep.
The komodo dragon bites you!!!
Ouch! That really hurt!
You die...
Kikubaaqudgha rasps: "You have failed me!
Welcome... death!"

Skill      XL: |  1  2  3  4  5  6  7  8  9 10 11 12 |
---------------+-------------------------------------+-----
Spellcasting   | 3 4 5 6 7 8 9 |  9.2
Summonings     | 5 6 7 8 9 |  9.7
Fire Magic     | 1 2 3 5 |  5.0
Necromancy     | 3 4 5 7 9 |  9.0
Stealth        | 5 7 9 10 | 10.0
Dodging        | 4 6 8 9 |  9.6
Fighting       | 2 4 6 7 |  7.0
Air Magic      | 2 3 4 |  4.7

Action                     |  1- 3 |  4- 6 |  7- 9 | 10-12 || total
---------------------------+-------+-------+-------+-------++-------
  Melee: Unarmed           |    26 |     2 |    39 |    25 ||    92
         Bite              |     3 |       |     6 |     3 ||    12
         Punch             |       |       |     2 |       ||     2
   Cast: Summon Small Mamm |    53 |    37 |    66 |    32 ||   188
         Call Canine Famil |     8 |    19 |    30 |    17 ||    74
         Summon Blazeheart |       |     1 |    27 |    75 ||   103
         Summon Lightning  |       |       |       |    24 ||    24
         Animate Dead      |       |       |       |     8 ||     8
  Evoke: Wand              |       |       |     4 |       ||     4
    Use: Scroll            |       |     7 |     6 |     5 ||    18
         Potion            |       |       |       |     5 ||     5
   Stab: Sleeping          |       |     1 |       |       ||     1
         Paralysed         |       |       |     2 |       ||     2
         Betrayed ally     |       |       |       |     1 ||     1
 Armour: Skin              |    15 |     8 |    62 |    99 ||   184
  Dodge: Dodged            |    39 |    19 |   149 |   234 ||   441

Levels and vault maps discovered:
D:1:      saegor_arrival_miasma, layout_basic,
          shapermc_ecumenical_altar_acropolis, minmay_tetromino_s2
D:2:      kennysheep_the_goblin_king, layout_basic, roderic_serpentine_path
D:3:      layout_rooms, nicolae_overflow_hidden_temple, marbit_many_paths,
          gammafunk_ghost_smash, grunt_ministairs_7,
          nicolae_concentric_dashed_squares_wild, hangedman_decor_growths
D:4:      layout_rooms, nicolae_gozag_conspicuous_consumption, serial_shops,
          nicolae_shop_waterfront, uniq_menkaure, uniq_sigmund
D:5:      layout_loops_ring
D:6:      layout_gridville, temple_fountains
D:7:      layout_gridville, serial_shops, nicolae_book_shop_shelving,
          mainiacjoe_ossuary_entry_dusty_tomb, uniq_maggie
D:8:      layout_loops_ring, grunt_lair_entry_orc_guard_hut, st_stairs_1,
          nicolae_transporter_circle, uniq_joseph, uniq_grum,
          uniq_prince_ribbit1, uniq_amaemon, uniq_jeremiah, uniq_psyche
Temple:   minmay_temple_bridge_d
Lair:1:   layout_regular_city, st_stairs_5
Lair:2:   layout_loops_ring, elwin_shoals_entry_rooms
Lair:3:   layout_gridlike, nicolae_snake_entry_warm_welcome, uniq_rupert
Lair:4:   wad_woods_stonehenge, layout_layer_cave, cheibrodos_lair_lostbears

Notes
Turn   | Place    | Note
-------+----------+-------------------------------------------
     0 | D:1      | Ruich the Felid Summoner began the quest for the Orb.
     0 | D:1      | Reached XP level 1. HP: 9/9 MP: 4/4
   251 | D:1      | Reached XP level 2. HP: 13/13 MP: 6/6
   261 | D:1      | Found a faded altar of an unknown god.
   857 | D:1      | Reached XP level 3. HP: 16/16 MP: 8/8
  1141 | D:2      | Learned a level 3 spell: Call Canine Familiar
  1281 | D:2      | Noticed Ijyb
  1304 | D:2      | Killed from afar by Ijyb
  1304 | D:2      | Lost a life (0 lives remaining)
  1343 | D:2      | Killed Ijyb
  1344 | D:2      | Reached skill level 3 in Spellcasting
  2223 | D:3      | Reached XP level 4. HP: 21/21 MP: 3/9
  2223 | D:3      | Gained a life (1 life remaining)
  2309 | D:3      | Reached skill level 5 in Summonings
  2462 | D:3      | Learned a level 4 spell: Summon Blazeheart Golem
  2541 | D:3      | Found a glowing silver altar of Zin.
  2589 | D:3      | Noticed an ogre
  2590 | D:3      | Found a transporter.
  2591 | D:3      | Noticed labirda's ghost (amateur MiFi)
  2592 | D:3      | Identified the +5 giant club "Yreruef" {flame, rElec rN+
                  | Str-3 Int+3 Dex+3}
  2592 | D:3      | Noticed an ogre
  2593 | D:3      | Found a transporter.
  2594 | D:3      | Noticed an ogre
  2609 | D:3      | Reached XP level 5. HP: 24/24 MP: 6/11
  3347 | D:4      | Noticed a water moccasin
  3368 | D:4      | Reached skill level 1 in Fire Magic
  3820 | D:4      | Reached skill level 4 in Spellcasting
  4256 | D:4      | Found Rausaont's Book Shoppe.
  4288 | D:4      | Killed a water moccasin
  4289 | D:4      | Gained mutation: You are covered in thick fur. (AC +2)
                  | [Felid growth]
  4289 | D:4      | Reached XP level 6. HP: 28/28 MP: 1/13
  4439 | D:4      | Found an opulent altar of Gozag.
  4440 | D:4      | Found an opulent altar of Gozag.
  4440 | D:4      | Found an opulent altar of Gozag.
  4453 | D:4      | Found an opulent altar of Gozag.
  4521 | D:4      | Noticed Sigmund
  4526 | D:4      | Reached skill level 2 in Fire Magic
  4693 | D:4      | Noticed Menkaure
  4708 | D:4      | Killed Sigmund
  4709 | D:4      | Reached skill level 6 in Summonings
  4709 | D:4      | Reached XP level 7. HP: 17/32 MP: 5/15
  4709 | D:4      | Gained a life (2 lives remaining)
  4710 | D:4      | Killed Menkaure
  4711 | D:4      | Reached skill level 3 in Fire Magic
  4807 | D:5      | Entered Level 5 of the Dungeon
  4818 | D:5      | Reached skill level 5 in Spellcasting
  5475 | D:5      | Reached XP level 8. HP: 36/36 MP: 17/17
  5485 | D:5      | Reached skill level 7 in Summonings
  5485 | D:5      | Reached skill level 4 in Fire Magic
  6316 | D:6      | Found a staircase to the Ecumenical Temple.
  6335 | Temple   | Entered the Ecumenical Temple
  6341 | Temple   | Learned a level 4 spell: Animate Dead
  6415 | Temple   | Became a worshipper of Kikubaaqudgha
  7236 | D:7      | Reached skill level 6 in Spellcasting
  7236 | D:7      | Reached skill level 1 in Necromancy
  7610 | D:7      | Reached skill level 2 in Necromancy
  7686 | D:7      | Noticed Maggie
  7697 | D:7      | Killed Maggie
  7698 | D:7      | Reached skill level 5 in Fire Magic
  7770 | D:7      | Reached skill level 3 in Necromancy
  7829 | D:7      | Reached XP level 9. HP: 27/39 MP: 13/19
  7830 | D:7      | Reached skill level 8 in Summonings
  7868 | D:7      | Learned a level 4 spell: Summon Lightning Spire
  8015 | D:7      | Reached skill level 3 in Stealth
  8015 | D:7      | HP: 2/40 [spore (12)]
  8314 | D:7      | Reached skill level 3 in Dodging
  8442 | D:7      | Reached skill level 1 in Fighting
  8508 | D:7      | Found Cumumararu's Book Shoppe.
  8870 | D:8      | Noticed an orange demon
  8871 | D:8      | Noticed Amaemon
  8873 | D:8      | Noticed Psyche
  8878 | D:8      | Reached skill level 1 in Air Magic
  8878 | D:8      | Slain by an orange demon
  8878 | D:8      | Lost a life (1 life remaining)
  8881 | D:8      | Noticed Grum
  9230 | D:8      | Noticed a komodo dragon
  9235 | D:8      | Reached * piety under Kikubaaqudgha
  9235 | D:8      | Received a gift from Kikubaaqudgha
  9244 | D:8      | Killed a komodo dragon
  9245 | D:8      | Reached skill level 2 in Fighting
  9245 | D:8      | Reached skill level 4 in Dodging
  9245 | D:8      | Reached skill level 4 in Stealth
  9279 | D:8      | Reached skill level 4 in Necromancy
  9282 | D:8      | Reached skill level 7 in Spellcasting
  9320 | D:8      | Reached skill level 2 in Air Magic
  9408 | D:8      | Killed Amaemon
  9409 | D:8      | Reached skill level 5 in Stealth
  9443 | D:8      | Reached XP level 10. HP: 13/48 MP: 11/21
  9443 | D:8      | Gained a life (2 lives remaining)
  9591 | D:8      | Reached skill level 3 in Fighting
  9591 | D:8      | Reached skill level 5 in Dodging
  9592 | D:8      | Killed an orange demon
  9611 | D:8      | Killed Psyche
  9768 | D:8      | Found a transporter.
  9772 | D:8      | Found a transporter.
  9793 | D:8      | Found a transporter.
  9869 | D:8      | Found a transporter.
  9884 | D:8      | Identified the +0 chain mail of Utah {Dex+3}
  9952 | D:8      | Noticed Joseph
  9965 | D:8      | Killed Joseph
 10049 | D:8      | Reached skill level 3 in Air Magic
 10117 | D:8      | Killed Grum
 10264 | D:8      | Reached skill level 6 in Stealth
 10264 | D:8      | Reached skill level 5 in Necromancy
 10454 | D:8      | Noticed Prince Ribbit
 10461 | D:8      | Killed Prince Ribbit
 10462 | D:8      | Reached skill level 6 in Dodging
 10462 | D:8      | Reached skill level 9 in Summonings
 10478 | D:8      | Noticed Jeremiah
 10646 | D:8      | Killed Jeremiah
 10647 | D:8      | Reached skill level 4 in Fighting
 10709 | D:8      | Found a staircase to the Lair.
 10825 | D:8      | Reached ** piety under Kikubaaqudgha
 11221 | Lair:1   | Entered Level 1 of the Lair of Beasts
 11256 | Lair:1   | Noticed a black mamba
 11266 | Lair:1   | Killed a black mamba
 11303 | Lair:1   | Noticed a black mamba
 11306 | Lair:1   | Noticed an elephant
 11307 | Lair:1   | Noticed an elephant
 11312 | Lair:1   | Noticed an elephant
 11314 | Lair:1   | Killed a black mamba
 11340 | Lair:1   | Killed an elephant
 11503 | Lair:1   | Reached skill level 7 in Stealth
 11510 | Lair:1   | Reached XP level 11. HP: 54/54 MP: 10/23
 11515 | Lair:1   | Reached skill level 4 in Air Magic
 11620 | Lair:1   | HP: 4/54 [poisoned by a water moccasin]
 11627 | D:8      | HP: 4/54 [water moccasin (8)]
 11634 | D:8      | HP: 3/54 [water moccasin (8)]
 11634 | D:8      | Slain by a water moccasin
 11634 | D:8      | Lost a life (1 life remaining)
 11693 | D:8      | Reached skill level 8 in Spellcasting
 11972 | Lair:1   | Reached skill level 7 in Dodging
 11991 | Lair:1   | Noticed a death yak
 12027 | Lair:1   | Killed a death yak
 12028 | Lair:1   | Reached skill level 5 in Fighting
 12286 | Lair:1   | Reached skill level 6 in Necromancy
 12413 | Lair:1   | Reached skill level 8 in Stealth
 12497 | Lair:1   | Reached *** piety under Kikubaaqudgha
 12497 | Lair:1   | Received a gift from Kikubaaqudgha
 12718 | Lair:1   | Learned a level 6 spell: Death Channel
 13289 | Lair:2   | Found a staircase to the Shoals.
 13372 | Lair:2   | Reached skill level 8 in Dodging
 13891 | Lair:2   | Reached skill level 7 in Necromancy
 14092 | Lair:2   | HP: 1/56 [komodo dragon (11)]
 14323 | Lair:2   | Reached skill level 6 in Fighting
 14383 | Lair:1   | Reached skill level 9 in Stealth
 14515 | Lair:2   | Gained mutation: Your thick and shaggy fur keeps you warm.
                  | (AC +3, rC+) [Felid growth]
 14515 | Lair:2   | Reached XP level 12. HP: 61/61 MP: 18/25
 14569 | Lair:2   | Succumbed to a black mamba's poison
 14569 | Lair:2   | Lost a life (0 lives remaining)
 14967 | Lair:3   | Noticed Rupert
 14994 | Lair:3   | HP: 2/62 [Rupert/+2 battleaxe of electrocution (30)]
 14997 | Lair:3   | Killed Rupert
 14998 | Lair:3   | Reached skill level 9 in Dodging
 14998 | Lair:3   | Reached skill level 9 in Spellcasting
 14998 | Lair:3   | Reached skill level 8 in Necromancy
 15177 | Lair:3   | Noticed a four-headed hydra
 15184 | Lair:3   | Killed a four-headed hydra
 15217 | Lair:3   | Reached **** piety under Kikubaaqudgha
 16133 | Lair:4   | Reached skill level 10 in Stealth
 16138 | Lair:4   | Reached skill level 7 in Fighting
 16153 | Lair:4   | Reached skill level 9 in Necromancy
 16443 | Lair:4   | Annihilated by a komodo dragon

Vanquished Creatures
  Rupert (Lair:3)
  A hydra (Lair:3)
  A death yak (Lair:1)
  Amaemon (D:8)
  A slime creature (D:8)
  Joseph (D:8)
  An orange demon (D:8)
  6 black mambas
  4 elephants (Lair:1)
  2 cane toads (Lair:2)
  A torpor snail (Lair:1)
  Maggie (D:7)
  Psyche (D:8)
  A komodo dragon (D:8)
  3 polar bears
  A dream sheep (Lair:4)
  2 blink frogs
  Prince Ribbit (D:8)
  2 wyverns (Lair:2)
  4 yaks
  Grum (D:8)
  Menkaure (D:4)
  4 water moccasins
  An orc warrior (D:7)
  2 black bears
  9 wolves
  8 bullfrogs
  A yak zombie (Lair:2)
  A polar bear zombie (Lair:1)
  A wolf zombie (Lair:1)
  A sleepcap (D:8)
  An orc priest (D:8)
  An orc wizard (D:8)
  2 ufetubi
  4 orcs
  An endoplasm (D:1)
  A hobgoblin (D:1)
  A quokka (D:1)
  A ball python (D:1)
  A bat (D:3)
  2 kobolds (D:1)
81 creatures vanquished.

Vanquished Creatures (collateral kills)
  2 elephants (Lair:1)
  A torpor snail (Lair:1)
  Jeremiah (D:8)
  A komodo dragon (Lair:2)
  A merfolk (Lair:2)
  A blink frog (Lair:1)
  6 dream sheep (Lair:4)
  Sigmund (D:4)
  6 yaks (Lair:2)
  3 wyverns
  A steam dragon (D:7)
  7 water moccasins
  3 ice beasts (D:7)
  3 black bears
  An ogre (D:5)
  A centaur (D:8)
  10 wolves
  A kobold brigand (D:8)
  6 bullfrogs
  4 scorpions
  3 wights (D:8)
  A hound (D:5)
  5 orc priests
  2 bombardier beetles
  5 iguanas
  8 orc wizards
  Ijyb (D:2)
  A hell rat (Lair:1)
  3 gnolls (D:3)
  6 adders
  A shadow imp (D:5)
  2 white imps
  4 ufetubi
  2 dart slugs
  A ribbon worm (D:3)
  18 orcs
  5 bats
  7 endoplasms
  8 goblins
  A hobgoblin (D:1)
  8 kobolds
  2 quokkas (D:3)
  5 ball pythons
  10 frilled lizards
  7 rats
176 creatures vanquished.

Vanquished Creatures (others)
  A dream sheep zombie (Lair:4)
  A water moccasin zombie (Lair:1)
  A polar bear zombie (Lair:3)
  5 yak zombies (Lair:2)
  4 wolf zombies (Lair:1)
  A bullfrog zombie (Lair:1)
  64 blazeheart cores
77 creatures vanquished.

Grand Total: 334 creatures vanquished

Table legend: (Time is in decaauts)
 A = Elapsed time spent in this place.
 B = Non-inter-level travel time spent in this place.
 C = Inter-level travel time spent in this place.
 D = Time resting spent in this place.
 E = Time spent auto-exploring this place.
 F = Levels seen in this place.
 G = Mean time per level.
                   A        B        C        D        E       F      G
               +--------+--------+--------+--------+--------+-----+--------+
         Total |  16485 |  15871 |    614 |   5665 |   6863 |  13 | 1268.1 |
       Dungeon |  11458 |  11075 |    383 |   3939 |   4895 |   8 | 1432.2 |
        Temple |    152 |     20 |    132 |      0 |      0 |   1 |  152.0 |
          Lair |   4874 |   4775 |     99 |   1726 |   1968 |   4 | 1218.5 |
               +--------+--------+--------+--------+--------+-----+--------+

Top non-repeatable levels by time:
     D:8: 2501 daAuts
  Lair:1: 1873 daAuts
     D:7: 1576 daAuts
  Lair:2: 1511 daAuts
     D:6: 1372 daAuts
     D:4: 1301 daAuts
     D:3: 1296 daAuts
     D:5: 1200 daAuts
  Lair:3: 1144 daAuts
     D:1: 1128 daAuts
     D:2: 1080 daAuts
  Lair:4: 344 daAuts
  Temple: 152 daAuts

Table legend:
 A = Non-vault XP
 B = Vault XP
 C = Vault XP percentage of total XP
 D = Non-vault monster count
 E = Vault monster count
 F = Vault count percentage of total count
                 A         B        C        D         E       F
            +---------+---------+-------+---------+---------+-------
      Total |   23218 |    7897 |  25.4 |     214 |      40 |  15.7
            +---------+---------+-------+---------+---------+-------
        D:1 |      37 |       6 |  14.0 |      27 |       2 |   6.9
        D:2 |       7 |      44 |  86.3 |       5 |       7 |  58.3
        D:3 |     123 |       7 |   5.4 |      17 |       3 |  15.0
        D:4 |     333 |     354 |  51.5 |       8 |       2 |  20.0
        D:5 |     735 |       0 |   0.0 |      25 |       0 |   0.0
        D:6 |     187 |       0 |   0.0 |       5 |       0 |   0.0
        D:7 |    1092 |     464 |  29.8 |      24 |       2 |   7.7
        D:8 |    1755 |    4346 |  71.2 |      25 |      19 |  43.2
     Lair:1 |    8111 |     189 |   2.3 |      31 |       2 |   6.1
     Lair:2 |    5966 |     301 |   4.8 |      26 |       1 |   3.7
     Lair:3 |    3068 |    1968 |  39.1 |      14 |       1 |   6.7
     Lair:4 |    1804 |     218 |  10.8 |       7 |       1 |  12.5
            +---------+---------+-------+---------+---------+-------
